 Dungeon Crawl Stone Soup version 0.30-a0-870-gc5d4c5acee (webtiles) character file.

Game seed: 18433234009161354071

109 cforsyth the Trooper (level 4, -3/38 HPs)
             Began as a Barachi Fighter on Mar 12, 2023.
             Succumbed to an orc's poison
             ... on level 4 of the Dungeon.
             The game lasted 00:02:39 (1683 turns).

cforsyth the Trooper (Barachi Fighter)              Turns: 1683, Time: 00:02:40

Health: -3/38      AC:  7    Str: 17    XL:     4   Next: 90%
Magic:  4/4        EV:  9    Int:  8    God:
Gold:   79         SH:  5    Dex: 14    Spells: 3/3 levels left

rFire   . . .      SeeInvis .    a - +0 long sword
rCold   . . .      Faith    .    c - +0 buckler
rNeg    . . .      Spirit   .    b - +0 scale mail
rPois   .          Reflect  .    (no helmet)
rElec   .          Rampage  .    (no cloak)
rCorr   .                        (no gloves)
Will    .....                    (no boots) Stlth
                                 (no amulet)
HPRegen 0.26/turn                (no ring)
MPRegen 0.09/turn                (no ring)

@: lethally poisoned (-3 -> -24), slow
A: amphibious, slowness 1, strong legs 1, +LOS
a: Hop


You were on level 4 of the Dungeon.
You visited 1 branch of the dungeon, and saw 4 of its levels.

You collected 79 gold pieces.

Inventory:

Hand Weapons
 a - a +0 long sword (weapon)
Armour
 b - a +0 scale mail (worn)
 c - a +0 buckler (worn)
Jewellery
 i - a ring of positive energy
 k - an amulet of regeneration
Scrolls
 f - 2 scrolls of enchant armour {unknown}
 g - 2 scrolls of identify {unknown}
 m - a scroll of acquirement {unknown}
 n - a scroll of magic mapping {unknown}
 o - a scroll of fear {unknown}
Potions
 d - 2 potions of might
 e - a potion of mutation {unknown}
 h - a potion of invisibility {unknown}
 j - a potion of curing {unknown}
 l - 2 potions of flight {unknown}
 p - a potion of lignification {unknown}


   Skills:
 + Level 4.5 Fighting
 + Level 3.6 Long Blades
 + Level 4.4 Armour
 + Level 4.1 Shields


You had 3 spell levels left.
You didn't know any spells.
Your spell library contained the following spells:

 Spells                   Type           Power      Damage    Failure   Level
 Inner Flame              Hex/Fire       0%         N/A       99%         3
 Stone Arrow              Conj/Erth      0%         3d7       99%         3
 Animate Armour           Summ/Erth      0%         N/A       100%        4
 Flame Wave               Conj/Fire      0%         2d4       100%        4
 Sticky Flame             Conj/Fire      0%         2d3       100%        4
 Lehudib's Crystal Spear  Conj/Erth      0%         10d2      100%        8


Dungeon Overview and Level Annotations

Branches:
Dungeon (4/15)
 Temple: D:4-7

Altars:


Innate Abilities, Weirdness & Mutations

You are amphibious.
You cover ground slowly.
You can hop short distances.
You have an extended range of vision and can be seen from far away.


Message History

There is a stone staircase leading up here.
There are monsters nearby!
An iguana is nearby!
You slash the iguana!
The iguana is severely wounded.
The iguana bites you!
You hit the iguana but do no damage.
The iguana is severely wounded.
The iguana bites you but does no damage.
You barely miss the iguana.
The iguana is severely wounded.
The iguana bites you!
The iguana bites you but does no damage.
You hit the iguana but do no damage.
The iguana is severely wounded.
You block the iguana's attack.
You slash the iguana!
You kill the iguana!
You barely miss the orc.
The orc hits you with a +1 dagger of venom.
You are poisoned.
You are too injured to fight recklessly!
You are too injured to fight recklessly!
You are too injured to fight recklessly!
You are too injured to fight recklessly!
You are too injured to fight recklessly!
You are too injured to fight recklessly!
You are too injured to fight recklessly!
You barely miss the orc.
You feel very sick.
The orc hits you with a +1 dagger of venom.
You are lethally poisoned!
The orc hits you with a +1 dagger of venom.
* * * LOW HITPOINT WARNING * * *
You are more poisoned.
You slash the orc!
You kill the orc!
* * * LOW HITPOINT WARNING * * *
You feel extremely sick.
You die...

..# ..# ### ..# ..
..# ####.##..
#....... # .....#
#
...#..#.#.#.###.#
#......@.†.....#
...#..#.#.#.......
... .....# ######
.. .....###
.....## #.##.# #
#. #


There were no monsters in sight!

Vanquished Creatures
  An iguana (D:4)
  2 adders (D:2)
  3 dart slugs
  An orc (D:4)
  6 endoplasms
  2 giant cockroaches (D:1)
  5 goblins
  4 hobgoblins
  4 jackals (D:2)
  8 kobolds
  A quokka (D:2)
  5 ball pythons
  8 bats
  7 rats
57 creatures vanquished.

Notes
Turn   | Place    | Note
-------+----------+-------------------------------------------
     0 | D:1      | cforsyth the Barachi Fighter began the quest for the Orb.
     0 | D:1      | Reached XP level 1. HP: 18/18 MP: 1/1
    97 | D:1      | Reached XP level 2. HP: 25/25 MP: 2/2
   424 | D:1      | Reached XP level 3. HP: 20/30 MP: 3/3
  1095 | D:2      | Reached XP level 4. HP: 37/37 MP: 4/4
  1683 | D:4      | Succumbed to an orc's poison

Illustrated notes

Levels and vault maps discovered:
D:1:      lightli_arrival_farm, layout_rooms
D:2:      layout_basic
D:3:      layout_rooms
D:4:      layout_loops_ring, hangedman_decor_clover_reticule, uniq_robin

Skill      XL: |  1  2  3  4 |
---------------+-------------+-----
Fighting       | 4 |  4.5
Armour         | 4 |  4.4
Long Blades    | 3 |  3.6
Shields        | 4 |  4.1

Action                     |  1- 3 |  4- 6 || total
---------------------------+-------+-------++-------
  Melee: Long sword        |   120 |    48 ||   168
 Armour: Scale mail        |    82 |    18 ||   100
  Dodge: Dodged            |    84 |    21 ||   105
  Block: Buckler           |    33 |    13 ||    46

Table legend: (Time is in decaauts)
 A = Elapsed time spent in this place.
 B = Non-inter-level travel time spent in this place.
 C = Inter-level travel time spent in this place.
 D = Time resting spent in this place.
 E = Time spent auto-exploring this place.
 F = Levels seen in this place.
 G = Mean time per level.
                   A        B        C        D        E       F      G
               +--------+--------+--------+--------+--------+-----+--------+
         Total |   1983 |   1922 |     61 |      0 |   1543 |   4 |  495.8 |
       Dungeon |   1983 |   1922 |     61 |      0 |   1543 |   4 |  495.8 |
               +--------+--------+--------+--------+--------+-----+--------+

Top non-repeatable levels by time:
     D:2: 774 daAuts
     D:1: 705 daAuts
     D:3: 491 daAuts
     D:4: 11 daAuts
